 Dungeon Crawl Stone Soup version 0.26-a0-639-g72c4674329 (webtiles) character file.

Game seed: 5859819590730680065

1195 Gottschkopf the Grappler (level 8, -3/59 HPs)
             Began as a Grey Draconian Transmuter on Sept 15, 2020.
             Was an Initiate of Sif Muna.
             Slain by Prince Ribbit (13 damage)
             ... on level 6 of the Dungeon.
             The game lasted 00:11:32 (7027 turns).

Gottschkopf the Grappler (DrTm)                     Turns: 7027, Time: 00:11:32

Health: -3/59      AC:  2    Str: 14    XL:     8   Next: 20%
Magic:  9/11       EV: 34    Int: 20    God:    Sif Muna [......]
Gold:   407        SH:  0    Dex: 17    Spells: 0/11 levels left

rFire    . . .     SeeInvis .     - Unarmed
rCold    . . .     Faith    .   (shield currently unavailable)
rNeg     . . .     Spirit   .   (armour unavailable)
rPois    x         Reflect  .   (helmet currently unavailable)
rElec    .         Harm     .   (cloak currently unavailable)
rCorr    .         Rampage  .   (gloves currently unavailable)
MR       .....     Rnd*Rage +   (boots currently unavailable)
Stlth    +++.......             s - amulet of the acrobat
HPRegen  0.19/turn              v - ring of stealth
MPRegen  0.12/turn              t - +6 ring of intelligence

@: spider-form, acrobat
A: tiny, (walk through water), unfitting armour, berserk 1, AC +11
a: End Transformation, Renounce Religion


You were on level 6 of the Dungeon.
You worshipped Sif Muna.
Sif Muna was noncommittal.
You were a venomous arachnid creature.
You visited 2 branches of the dungeon, and saw 7 of its levels.

You collected 407 gold pieces.

Inventory:

Armour
 q - a +0 pair of boots (melded)
Jewellery
 i - an uncursed ring of protection from fire
 k - an uncursed ring of teleportation
 s - an amulet of the acrobat (around neck)
 t - a +6 ring of intelligence (right front leg)
 v - a ring of stealth (left front leg)
Scrolls
 b - 3 scrolls of magic mapping {unknown}
 c - a scroll of fog {unknown}
 e - a scroll of noise {unknown}
 h - 2 scrolls of enchant weapon {unknown}
 j - 4 scrolls of teleportation
 l - a scroll of vulnerability {unknown}
 n - a scroll of random uselessness {unknown}
 o - 3 scrolls of fear
Potions
 a - 3 potions of curing
 d - 2 potions of flight
 f - 2 potions of ambrosia
 g - 2 potions of heal wounds
 p - a potion of cancellation
 r - 2 potions of haste
 u - a potion of magic


   Skills:
 - Level 1.1 Fighting
 - Level 1.7 Dodging
 + Level 8.4 Unarmed Combat
 - Level 2.0 Spellcasting
 - Level 4.6 Transmutations
 - Level 3.9 Poison Magic


You couldn't memorise any spells.
You knew the following spells:

 Your Spells              Type           Power        Failure   Level
a - Beastly Appendage     Tmut           ###...       9%          1
b - Spider Form           Tmut/Pois      ###.......   22%         3
c - Wereblood             Tmut           ###.....     12%         2
d - Blade Hands           Tmut           ###.......   75%         5

Your spell library contained the following spells:

 Spells                   Type           Power        Failure   Level
 Ice Form                 Ice/Tmut       ##......     73%         4


Dungeon Overview and Level Annotations

Branches:
Dungeon (6/15)             Temple (1/1) D:5

Altars:
Ashenzari
Cheibriados
Elyvilon
Fedhas
Gozag
Kikubaaqudgha
Ru
Sif Muna
Wu Jian
The Shining One

Shops:
D:5 !

Annotations:
D:6 Prince Ribbit


Innate Abilities, Weirdness & Mutations

((You can walk through water.))
((Your dull iron-grey scales are very hard. (AC +11)))
You cannot fit into any form of body armour.
((You can survive without breathing.))
((You are cold-blooded and may be slowed by cold attacks.))
((You have sharp toenails.))
You tend to lose your temper in combat.
((Your flesh is cold resistant. (rC+)))


Message History

You closely miss Prince Ribbit.
Prince Ribbit is lightly wounded.
Prince Ribbit closely misses you.
You closely miss Prince Ribbit.
Prince Ribbit is lightly wounded.
Prince Ribbit hits you!!
* * * LOW HITPOINT WARNING * * *
You barely miss Prince Ribbit.
Prince Ribbit is lightly wounded.
Prince Ribbit closely misses you.
You bite Prince Ribbit!
Prince Ribbit is poisoned.
Prince Ribbit is heavily wounded.
Prince Ribbit hits you.
* * * LOW HITPOINT WARNING * * *
Prince Ribbit misses you.
You closely miss Prince Ribbit.
Prince Ribbit is severely wounded.
Prince Ribbit completely misses you. Prince Ribbit hits you!
You die...

.### .. .. # ...#
. .#. # ...#
.#.#. .. .###
.... ... .# #
#..# .. .#
#.##..#.# .#
#.......# .#
######.# .###
#.sF...# ...# ###
#.###### .#.#
##.## #.#
.#.#####.#.## #.#
........###(###.#
##.#####.#......#
##.# #.#######
...# ### ####


You could see Prince Ribbit (poisoned).

Vanquished Creatures
  Sigmund (D:6)
  Menkaure (D:5)
  Duvessa (D:4)
  2 ogres
  A bullfrog (D:6)
  Dowan (D:4)
  A scorpion (D:4)
  A jelly (D:5)
  3 orc wizards
  2 worker ants (D:5)
  Natasha (thrice) (D:3)
  2 hound skeletons (D:5)
  7 adders
  A howler monkey skeleton (D:5)
  5 dart slugs
  A worm (D:4)
  4 leopard geckos
  22 orcs
  5 giant cockroaches
  11 hobgoblins
  4 jackals
  3 quokkas
  A ball python (D:3)
  8 bats
  5 frilled lizards
  A giant cockroach zombie (D:5)
  5 goblins
  7 kobolds
  A quokka zombie (D:5)
  6 rats
116 creatures vanquished.

Vanquished Creatures (others)
  A quokka (D:2)
1 creature vanquished.

Grand Total: 117 creatures vanquished

Notes
Turn   | Place    | Note
-------+----------+-------------------------------------------
     0 | D:1      | Gottschkopf the Draconian Transmuter began the quest for
                  | the Orb.
     0 | D:1      | Reached XP level 1. HP: 16/16 MP: 3/3
   295 | D:1      | Reached XP level 2. HP: 23/23 MP: 3/5
   703 | D:1      | Reached skill level 4 in Unarmed Combat
   900 | D:1      | Reached XP level 3. HP: 28/28 MP: 4/6
  1406 | D:2      | You fall into a shaft and drop 1 floor!
  1918 | D:2      | Reached XP level 4. HP: 31/35 MP: 5/7
  1966 | D:2      | Reached skill level 5 in Unarmed Combat
  2333 | D:3      | Noticed Natasha
  2341 | D:3      | Killed Natasha
  2552 | D:3      | Noticed Natasha
  2561 | D:3      | Killed Natasha
  2561 | D:3      | Reached XP level 5. HP: 36/40 MP: 6/8
  2572 | D:3      | Noticed Natasha
  2578 | D:3      | Killed Natasha
  2578 | D:3      | Reached skill level 6 in Unarmed Combat
  2973 | D:3      | Learned a level 3 spell: Spider Form
  2976 | D:3      | Learned a level 2 spell: Wereblood
  3549 | D:4      | Noticed an ogre
  3609 | D:4      | Killed an ogre
  3609 | D:4      | Reached skill level 1 in Poison Magic
  3609 | D:4      | Reached XP level 6. HP: 6/47 MP: 2/9
  3901 | D:4      | Gained mutation: You tend to lose your temper in combat.
                  | [potion of mutation]
  3901 | D:4      | Gained mutation: You have sharp toenails. [potion of
                  | mutation]
  3901 | D:4      | Gained mutation: Your flesh is cold resistant. (rC+)
                  | [potion of mutation]
  4052 | D:4      | Found a white marble altar of Elyvilon.
  4764 | D:4      | Noticed Duvessa
  4766 | D:4      | Noticed Dowan
  4786 | D:4      | Killed Duvessa
  4798 | D:4      | Killed Dowan
  4798 | D:4      | Your scales start taking on a dull iron-grey colour.
  4798 | D:4      | Reached XP level 7. HP: 42/52 MP: 4/10
  4798 | D:4      | Gained mutation: You can survive without breathing. [Grey
                  | Draconian growth]
  5013 | D:5      | Entered Level 5 of the Dungeon
  5182 | D:5      | Found Atojyzia's Distillery.
  5183 | D:5      | Found a staircase to the Ecumenical Temple.
  5196 | Temple   | Entered the Ecumenical Temple
  5210 | Temple   | Became a worshipper of Sif Muna the Loreminder
  5426 | D:5      | Noticed Menkaure
  5447 | D:5      | Killed Menkaure
  5447 | D:5      | Reached skill level 7 in Unarmed Combat
  6635 | D:6      | Noticed Sigmund
  6645 | D:6      | Killed Sigmund
  6645 | D:6      | Reached XP level 8. HP: 33/59 MP: 8/11
  6815 | D:6      | Reached skill level 8 in Unarmed Combat
  7004 | D:6      | Noticed Prince Ribbit
  7012 | D:6      | Learned a level 5 spell: Blade Hands
  7027 | D:6      | Slain by Prince Ribbit

Illustrated notes

Levels and vault maps discovered:
D:1:      lightli_arrival_windingriver, layout_basic, minmay_misc_feat_tiny
D:2:      layout_basic, lemuel_another_geyser
D:3:      minmay_octagon_keep, layout_loops_ring, minmay_circle_x, uniq_natasha
D:4:      layout_basic, elyvilon_altar_3, uniq_duvessa
D:5:      layout_gridville, temple_statues, serial_shops, shop_coins,
          uniq_menkaure
D:6:      layout_loops_cross, corexii_shack, uniq_maggie, uniq_sigmund,
          uniq_prince_ribbit1
Temple:   nicolae_temple_the_god_donut

Skill      XL: |  1  2  3  4  5  6  7  8 |
---------------+-------------------------+-----
Unarmed Combat | 4 5 6 7 8 |  8.4
Poison Magic   | 1 3 |  3.9
Transmutations | 4 |  4.6
Fighting       | |  1.1
Dodging        | |  1.7
Spellcasting   | |  2.0

Action                   |  1- 3 |  4- 6 |  7- 9 || total
-------------------------+-------+-------+-------++-------
Melee: Unarmed           |   101 |   149 |   104 ||   354
       Headbutt          |     9 |     7 |    10 ||    26
       Tailslap          |     6 |     7 |     9 ||    22
       Kick              |    14 |    25 |    12 ||    51
       Punch             |       |     4 |     4 ||     8
 Cast: Beastly Appendage |    32 |    22 |    15 ||    69
       Spider Form       |       |     5 |     7 ||    12
       Wereblood         |       |     2 |     3 ||     5
  Use: Scroll            |       |    10 |     1 ||    11
       Potion            |       |     4 |       ||     4
 Stab: Sleeping          |       |     1 |     4 ||     5
Armor: Skin              |    40 |    28 |    18 ||    86
Dodge: Dodged            |    68 |    95 |    60 ||   223

Table legend: (Time is in decaauts)
 A = Elapsed time spent in this place.
 B = Non-inter-level travel time spent in this place.
 C = Inter-level travel time spent in this place.
 D = Time resting spent in this place.
 E = Time spent auto-exploring this place.
 F = Levels seen in this place.
 G = Mean time per level.
                   A        B        C        D        E       F      G
               +--------+--------+--------+--------+--------+-----+--------+
         Total |   7028 |   6904 |    124 |    895 |   5076 |   7 | 1004.0 |
       Dungeon |   6999 |   6888 |    111 |    895 |   5070 |   6 | 1166.5 |
        Temple |     28 |     15 |     13 |      0 |      6 |   1 |   28.0 |
               +--------+--------+--------+--------+--------+-----+--------+

Top non-repeatable levels by time:
     D:4: 1682 daAuts
     D:5: 1558 daAuts
     D:3: 1271 daAuts
     D:2: 1068 daAuts
     D:1: 1026 daAuts
     D:6: 391 daAuts
  Temple: 28 daAuts
